 Dungeon Crawl Stone Soup version 0.20.1-1-g8b1a95d (webtiles) character file.

15 Necronhym the Grave Robber (level 2, -2/20 HPs)
             Began as a Ghoul Necromancer on Sept 25, 2017.
             Slain by a kobold
             ... wielding a +0 whip
              (5 damage)
             ... on level 1 of the Dungeon.
             The game lasted 00:02:56 (319 turns).

Necronhym the Grave Robber (Ghoul Necromancer)       Turns: 319, Time: 00:02:57

Health: -2/20      AC:  5    Str: 11    XL:     2   Next: 50%
Magic:  3/3        EV: 10    Int: 10    God:
Gold:   45         SH:  0    Dex:  9    Spells: 2/4 levels left

rFire    . . .     SeeInvis .   (no weapon)
rCold    + . .     Gourm    .   (no shield)
rNeg     + + +     Faith    .   d - +0 ring mail
rPois    ∞         Spirit   .   (no helmet)
rElec    .         Reflect  .   (no cloak)
rCorr    .         Harm     .   (no gloves)
MR       .....                  (no boots)
Stlth    +.........             (no amulet)
Regen    0.0/turn               (no ring)
MPRegen  0.1/turn               (no ring)

@: rotting
A: rotting body, claws 1, carnivore 3, cold resistance 1, negative energy
resistance 3, inhibited regeneration, torment resistance, unbreathing
a: no special abilities


You were on level 1 of the Dungeon.
You were not hungry.

You visited 1 branch of the dungeon, and saw 1 of its levels.

You collected 45 gold pieces.

Inventory:

Armour
 a - a +0 robe
 d - a +0 ring mail (worn)
Scrolls
 f - 2 scrolls of teleportation {unknown}
 g - a scroll of remove curse {unknown}
Books
 b - a book of Necromancy

   Spells                             Type                      Level
   a - Pain                           Necromancy                   1
   b - Animate Skeleton               Necromancy                   1
   c - Vampiric Draining              Necromancy                   3
   d - Regeneration                   Charms/Necromancy            3
   e - Animate Dead                   Necromancy                   4
   f - Control Undead                 Necromancy                   4
Comestibles
 c - a meat ration


   Skills:
 + Level 2.0 Dodging
 + Level 2.2 Stealth
 + Level 0.7 Unarmed Combat
 + Level 1.9 Spellcasting
 + Level 4.2 Necromancy


You had 2 spell levels left.
You knew the following spells:

 Your Spells              Type           Power        Failure   Level  Hunger
a - Pain                  Necr           #...         13%         1    ##.....
b - Animate Skeleton      Necr           N/A          13%         1    ##.....


Dungeon Overview and Level Annotations

Branches:
Dungeon (1/15)

Altars:


Innate Abilities, Weirdness & Mutations

Your body is rotting away.
You thrive on raw meat.
You are immune to poison.
You have sharp fingernails.
You are carnivorous and can eat meat at any time.
Your flesh is cold resistant. (rC+)
You are immune to negative energy. (rN+++)
You do not regenerate when monsters are visible.
You are immune to unholy pain and torment.
You can survive without breathing.


Message History

The rat bites you but does no damage.
You scratch the rat.
You kill the rat!
You closely miss the kobold. The kobold closely misses you.
You miss the kobold. The kobold misses you.
You closely miss the kobold. The kobold hits you but does no damage.
You scratch the kobold but do no damage.
The kobold hits you but does no damage.
You closely miss the kobold. The kobold closely misses you.
You closely miss the kobold. The kobold barely misses you.
You scratch the kobold.
The kobold is severely wounded.
The kobold hits you but does no damage.
You closely miss the kobold.
The kobold is severely wounded.
The kobold closely misses you.
You closely miss the kobold.
The kobold is severely wounded.
The kobold hits you with a whip.
You die...

.........#####......############
.K.>.....'...+..................
........%#####........##.######
###......# #......#.##.#
#r###### ########.##.# #.# #...#
#.##.#
###'###########...###..#.##
..............'...'.......#
.....##########K@.####....#
..............g#### ##...#
.........[.....# #...#####.
####...........# ##........#
#...........# #.≈≈≈≈≈≈≈≈
#...........# #.≈..8....
#...........# #)≈.######
#...........# #)≈8#.....
#...........# #)≈.######


You could see a hobgoblin and a kobold.

Vanquished Creatures
  A dart slug (D:1)
  A ball python (D:1)
  2 bats (D:1)
  A giant cockroach (D:1)
  A hobgoblin (D:1)
  3 goblins (D:1)
  A kobold (D:1)
  2 rats (D:1)
12 creatures vanquished.

Notes
Turn   | Place    | Note
-------+----------+-------------------------------------------
     0 | D:1      | Necronhym the Ghoul Necromancer began the quest for the Orb.
     0 | D:1      | Reached XP level 1. HP: 14/14 MP: 2/2
    73 | D:1      | Learned a level 1 spell: Animate Skeleton
   129 | D:1      | Reached XP level 2. HP: 10/20 MP: 3/3
   319 | D:1      | Slain by a kobold

Skill      XL: |  1  2 |
---------------+-------+-----
Dodging        | 2 |  2.0
Stealth        | |  2.2
Unarmed Combat | |  0.7
Spellcasting   | |  1.9
Necromancy     | |  4.2

Action                   || total
-------------------------++-------
Melee: Unarmed           ||    72
  Use: Potion            ||     1
  Eat: Meat ration       ||     1
Armor: Ring mail         ||    63
       Robe              ||     1
Dodge: Dodged            ||    60
